 Dungeon Crawl Stone Soup version 0.20.1-1-g8b1a95d (webtiles) character file.

168 galech the Slasher (level 5, -1/45 HPs)
             Began as a Demigod Fighter on July 7, 2017.
             Slain by Sigmund
             ... wielding a +0 scythe
              (4 damage)
             ... on level 2 of the Dungeon.
             The game lasted 00:02:57 (1530 turns).

galech the Slasher (Demigod Fighter)                Turns: 1530, Time: 00:02:57

Health: -1/45      AC:  6    Str: 21    XL:     5   Next: 3%
Magic:  7/7        EV:  7    Int: 12    God:
Gold:   89         SH:  9    Dex: 15    Spells: 4/4 levels left

rFire    . . .     SeeInvis .   a - +0 long sword
rCold    . . .     Gourm    .   c - +0 shield
rNeg     . . .     Faith    .   b - +0 scale mail
rPois    .         Spirit   .   (no helmet)
rElec    .         Reflect  .   (no cloak)
rCorr    .         Harm     .   (no gloves)
MR       .....                  (no boots)
Stlth    ..........             (no amulet)
Regen    0.2/turn               (no ring)
MPRegen  0.1/turn               (no ring)

@: no status effects
A: high mp 1
a: no special abilities


You were on level 2 of the Dungeon.
You were hungry.

You visited 1 branch of the dungeon, and saw 2 of its levels.

You collected 89 gold pieces.

Inventory:

Hand Weapons
 a - a +0 long sword (weapon)
Armour
 b - a +0 scale mail (worn)
 c - a +0 shield (worn)
Scrolls
 e - 2 scrolls of immolation {unknown}
 h - a scroll of enchant armour {unknown}
 j - a scroll of teleportation {unknown}
 k - 2 scrolls of fog {unknown}
 m - a scroll of fear {unknown}
 p - a scroll of enchant weapon {unknown}
Potions
 d - 2 potions of might
 g - 3 potions of brilliance {unknown}
 i - a potion of resistance {unknown}
 n - 2 potions of lignification {unknown}
 o - 2 potions of heal wounds {unknown}
 q - a potion of flight {unknown}
 r - a potion of degeneration {unknown}
 t - 2 potions of curing {unknown}
 u - a potion of berserk rage {unknown}
Comestibles
 f - 2 bread rations
 l - a royal jelly
 s - 6 chunks of flesh


   Skills:
 + Level 3.1 Fighting
 + Level 3.6 Long Blades
 + Level 3.3 Armour
 + Level 0.8 Dodging
 + Level 3.2 Shields


You had 4 spell levels left.
You didn't know any spells.

Dungeon Overview and Level Annotations

Branches:
Dungeon (2/15)

Annotations:
D:2 Sigmund


Innate Abilities, Weirdness & Mutations

You have an increased reservoir of magic. (+10% MP)


Message History

You block Sigmund's attack.
You hit Sigmund.
Sigmund is severely wounded.
You block Sigmund's attack.
You hit Sigmund.
Sigmund is almost dead.
Sigmund gestures wildly while chanting.
Sigmund flickers and vanishes!
Deactivating autopickup; reactivate with Ctrl-A.
You miss something. Something hits you.
You barely miss something. Something hits you!
* * * LOW HITPOINT WARNING * * *
You hit something. Something hits you.
* * * LOW HITPOINT WARNING * * *
You miss something. You miss something.
You hear some strange, mumbled words.
Something tries to affect you, but you resist.
Something hits you.
You die...

#.#....##.......
..#.##..........
###.............
###..######.#. ### #.#
#.#. ..# #.# #.#. #.#
#.# #.#. . #{# #.# #.#.
.. #@# #.#######...
#.##.##.# #.##........
#.......#####.##.#######
#.............##.#......
#.#########.....†....###
#..###.....###
###..#..........
#......#.....###
#......#.....# #


There were no monsters in sight!

Vanquished Creatures
  Jessica (D:2)
  Natasha (thrice) (D:2)
  An adder (D:2)
  A worm (D:2)
  2 dart slugs
  A leopard gecko (D:2)
  A ball python (D:2)
  2 bats (D:1)
  3 giant cockroaches (D:1)
  5 goblins
  5 hobgoblins
  11 jackals
  3 kobolds (D:1)
  2 frilled lizards (D:1)
  8 rats
49 creatures vanquished.

Notes
Turn   | Place    | Note
-------+----------+-------------------------------------------
     0 | D:1      | galech the Demigod Fighter began the quest for the Orb.
     0 | D:1      | Reached XP level 1. HP: 18/18 MP: 3/3
   160 | D:1      | Reached XP level 2. HP: 25/25 MP: 4/4
   671 | D:2      | Noticed Natasha
   672 | D:2      | Reached XP level 3. HP: 30/30 MP: 5/5
   688 | D:2      | Killed Natasha
   908 | D:2      | Noticed Natasha
   924 | D:2      | Killed Natasha
   924 | D:2      | Reached XP level 4. HP: 9/38 MP: 6/6
   976 | D:2      | Noticed Jessica
  1020 | D:2      | Killed Jessica
  1495 | D:2      | Noticed Natasha
  1504 | D:2      | Killed Natasha
  1504 | D:2      | Reached XP level 5. HP: 35/45 MP: 7/7
  1509 | D:2      | Noticed Sigmund
  1528 | D:2      | HP: 2/45 [something (5)]
  1530 | D:2      | Slain by Sigmund

Skill      XL: |  1  2  3 |
---------------+----------+-----
Long Blades    | 2 3 |  3.6
Shields        | 3 |  3.2
Armour         | 3 |  3.3
Fighting       | 3 |  3.1
Dodging        | |  0.8

Action                   |  1- 3 |  4- 6 || total
-------------------------+-------+-------++-------
Melee: Long sword        |   138 |    63 ||   201
  Eat: Chunk             |       |     2 ||     2
Armor: Scale mail        |    54 |    18 ||    72
Dodge: Dodged            |    41 |    11 ||    52
Block: Shield            |    67 |    31 ||    98
       Rpst.: Long sword |    15 |     5 ||    20
